 Dungeon Crawl Stone Soup version 0.30-a0-779-g7971cf19c3 (webtiles) character file.

Game seed: 162905440756204074

275 sanka the Shooter (level 5, -1/41 HPs)
             Began as a Demigod Hunter on Feb 18, 2023.
             Slain by a hobgoblin (2 damage)
             ... on level 3 of the Dungeon.
             The game lasted 00:03:10 (2402 turns).

sanka the Shooter (Demigod Hunter)                  Turns: 2402, Time: 00:03:10

Health: -1/41      AC:  5    Str: 12    XL:     5   Next: 73%
Magic:  7/7        EV: 12    Int: 11    God:
Gold:   27         SH:  0    Dex: 21    Spells: 4/4 levels left

rFire   . . .      SeeInvis .    a - +1 shortbow
rCold   . . .      Faith    .    (shield currently unavailable)
rNeg    . . .      Spirit   .    c - +0 leather armour
rPois   .          Reflect  .    n - +0 helmet
rElec   .          Harm     .    d - +0 cloak
rCorr   .          Rampage  .    (no gloves)
Will    .....                    (no boots)
Stlth   ++                       (no amulet)
HPRegen 0.26/turn                (no ring)
MPRegen 0.10/turn                (no ring)

@: lethally poisoned (-1 -> -10)
A: high MP 1, forlorn, divine attributes
a: no special abilities


You were on level 3 of the Dungeon.
You visited 1 branch of the dungeon, and saw 4 of its levels.

You collected 117 gold pieces.
You spent 90 gold pieces at shops.


Innate Abilities, Weirdness & Mutations

You have an increased reservoir of magic. (+10% MP)
You shall have no god before yourself.
Your divine heritage dramatically boosts your attributes as you level up.


   Skills:
 - Level 2.0 Fighting
 + Level 6.6 Ranged Weapons
 - Level 1.7 Dodging
 - Level 0.8 Stealth


You had 4 spell levels left.
You didn't know any spells.
Your spell library contained the following spells:

 Spells                   Type           Power      Damage    Failure   Level
 Cigotuvi's Dreadful Rot  Necr/Pois/Air  0%         N/A       56%         2
 Poisonous Vapours        Pois/Air       0%         N/A       56%         2
 Mephitic Cloud           Conj/Pois/Air  0%         N/A       80%         3
 Dispel Undead            Necr           0%         3d6       99%         4
 Death Channel            Necr           0%         N/A       100%        6

Inventory:

Hand Weapons
 a - a +1 shortbow (weapon)
Armour
 c - a +0 leather armour (worn)
 d - a +0 cloak (worn)
 n - a +0 helmet (worn)
Magical Staves
 g - a staff of fire
Jewellery
 i - a ring of ice
Scrolls
 b - a scroll of immolation {!r}
 e - 2 scrolls of noise {!r}
 f - a scroll of torment {!r}
 k - a scroll of fear {unknown}
 l - a scroll of enchant weapon
 p - a scroll of enchant armour {unknown}
 q - a scroll of identify {@r1}
 t - a scroll of silence {unknown}
 v - 2 scrolls of fog
Potions
 h - a potion of ambrosia {unknown}
 j - 4 potions of curing {@q1}
 m - a potion of berserk rage {unknown}
 o - a potion of flight {unknown}
 s - a potion of invisibility {unknown}
 u - a potion of lignification {unknown}

Dungeon Overview and Level Annotations

Branches:
Dungeon (4/15)
 Temple: D:4-7

Shops:
D:2

! ▒▒▒.▒..▒.▒▒.▒
▒.▒.▒▒.▒▒.▒▒▒ ▒
▒▒.....▒▒.▒
▒▒▒▒▒▒.▒.......▒
▒▒▒.▒..▒▒▒▒.▒
▒....(......▒▒.▒
.▒.▒▒..▒▒▒▒.▒
▒...>..▒.......▒
............▒
▒)▒▒.▒......▒..▒
▒▒▒▒▒▒▒▒▒▒▒▒▒
▒<▒▒.▒.........▒
▒.▒▒.▒..........
▒.▒▒.▒.........▒
▒.pg........▒..▒
▒▒▒▒.▒▒........
▒.▒ ▒▒▒▒▒.. .▒
.. .▒ .▒ .. ▒▒


You could see a hobgoblin.


Message History

Unknown command.
The water moccasin bites you but does no damage.
You shoot an arrow. The arrow hits the water moccasin!
The water moccasin is severely wounded.
The water moccasin bites you.
* * * LOW HITPOINT WARNING * * *
The water moccasin barely misses you.
You shoot an arrow. The arrow hits the water moccasin.
The water moccasin is almost dead.
The water moccasin bites you but does no damage.
The water moccasin bites you.
* * * LOW HITPOINT WARNING * * *
You are lethally poisoned!
The water moccasin poisons you!
You shoot an arrow. The arrow hits the water moccasin!
You kill the water moccasin!
* * * LOW HITPOINT WARNING * * *
You feel very sick.
Your Ranged Weapons skill increases to level 6!
Unknown command.
You shoot an arrow. The arrow hits the hobgoblin.
The hobgoblin is almost dead.
* * * LOW HITPOINT WARNING * * *
You feel very sick. The hobgoblin hits you.
You die...

Action                     |  1- 3 |  4- 6 || total
---------------------------+-------+-------++-------
   Fire: Shortbow          |    82 |    69 ||   151
    Use: Scroll            |       |     4 ||     4
         Potion            |       |     3 ||     3
 Armour: Leather armour    |    10 |    10 ||    20
  Dodge: Dodged            |    23 |    42 ||    65

Levels and vault maps discovered:
D:1:      lightli_arrival_noodles, layout_loops_ring
D:2:      layout_loops_ring, serial_shops,
          nicolae_shop_temple_entry_statues_fountains
D:3:      layout_loops_cross, corexii_corridor_pit
D:4:      minmay_spotlight, layout_loops_ring, minivault_24, uniq_pikel

Notes
Turn   | Place    | Note
-------+----------+-------------------------------------------
     0 | D:1      | sanka the Demigod Hunter began the quest for the Orb.
     0 | D:1      | Reached XP level 1. HP: 17/17 MP: 3/3
    50 | D:1      | Reached skill level 2 in Fighting
    50 | D:1      | Reached skill level 4 in Ranged Weapons
    50 | D:1      | Reached XP level 2. HP: 24/24 MP: 4/4
   340 | D:1      | Reached XP level 3. HP: 29/29 MP: 5/5
   797 | D:4      | Reached skill level 5 in Ranged Weapons
   875 | D:4      | Reached XP level 4. HP: 36/36 MP: 6/6
  1028 | D:2      | Found Desetzim's Distillery.
  1049 | D:2      | Bought a potion of heal wounds for 50 gold pieces
  1049 | D:2      | Bought a potion of curing for 30 gold pieces
  1049 | D:2      | Bought a potion of degeneration for 10 gold pieces
  2251 | D:3      | Reached XP level 5. HP: 41/41 MP: 7/7
  2384 | D:3      | Noticed a water moccasin
  2401 | D:3      | Killed a water moccasin
  2402 | D:3      | Reached skill level 6 in Ranged Weapons
  2402 | D:3      | HP: 1/41 [poisoned by a water moccasin]
  2402 | D:3      | Slain by a hobgoblin

Vanquished Creatures
  A water moccasin (D:3)
  2 iguanas (D:4)
  2 gnolls (D:1)
  4 adders
  A worm (D:4)
  2 dart slugs
  5 ball pythons
  10 endoplasms
  3 giant cockroaches
  3 hobgoblins
  2 jackals (D:2)
  A quokka (D:2)
  3 bats
  A frilled lizard (D:2)
  5 goblins
  5 kobolds
  3 rats
53 creatures vanquished.
